 Dungeon Crawl Stone Soup version 0.30-a0-989-g0d87f670db (webtiles) character file.

Game seed: 9898785334147620279

56 jtron the Trooper (level 3, -3/31 HPs)
             Began as a Gnoll Wanderer on Apr 3, 2023.
             Slain by an orc
             ... wielding a +0 trident
              (6 damage)
             ... on level 3 of the Dungeon.
             The game lasted 00:04:24 (1571 turns).

jtron the Trooper (Gnoll Wanderer)                  Turns: 1571, Time: 00:04:24

Health: -3/31      AC:  3    Str:  9    XL:     3   Next: 95%
Magic:  5/7        EV: 13    Int: 15    God:
Gold:   54         SH:  0    Dex: 17    Spells: 4/7 levels left

rFire   . . .      SeeInvis .    a - +0 dagger
rCold   . . .      Faith    .    (no shield)
rNeg    . . .      Spirit   .    c - +0 robe
rPois   .          Reflect  .    (helmet currently unavailable)
rElec   .          Rampage  .    l - +0 cloak
rCorr   .                        (no gloves)
Will    .....                    d - melded +0 pair of boots
Stlth   +++                      (no amulet)
HPRegen 0.25/turn                e - +6 ring of dexterity
MPRegen 0.10/turn                (no ring)

@: appendages, wereblooded
A: horns 2, talons 2, fangs 1, strong nose, distributed training
a: End Transformation


You were on level 3 of the Dungeon.
You had temporarily grown beastly horns and talons.
You visited 1 branch of the dungeon, and saw 3 of its levels.

You collected 54 gold pieces.

Inventory:

Hand Weapons
 a - a +0 dagger (weapon)
Missiles
 f - 3 datura-tipped darts
 h - 22 stones
 j - 12 poisoned darts (quivered)
Armour
 c - a +0 robe (worn)
 d - a +0 pair of boots (melded)
 l - a +0 cloak (worn)
Jewellery
 e - a +6 ring of dexterity (left hand)
Scrolls
 b - 2 scrolls of blinking
 g - a scroll of magic mapping {unknown}
 i - a scroll of summoning {unknown}


   Skills:
 + Level 4.6 Fighting
 + Level 1.0 Short Blades
 + Level 1.0 Long Blades
 + Level 1.0 Axes
 + Level 1.0 Maces & Flails
 + Level 1.0 Polearms
 + Level 1.0 Staves
 + Level 1.0 Ranged Weapons
 + Level 1.0 Throwing
 + Level 2.7 Armour
 + Level 2.7 Dodging
 + Level 4.2 Stealth
 + Level 1.0 Shields
 + Level 1.0 Unarmed Combat
 + Level 2.9 Spellcasting
 + Level 0.7 Conjurations
 + Level 0.7 Hexes
 + Level 0.7 Summonings
 + Level 0.7 Necromancy
 + Level 0.7 Translocations
 + Level 3.8 Transmutations
 + Level 2.2 Fire Magic
 + Level 0.7 Ice Magic
 + Level 0.7 Air Magic
 + Level 0.7 Earth Magic
 + Level 0.7 Poison Magic
 + Level 1.1 Invocations
 + Level 1.0 Evocations


You had 4 spell levels left.
You knew the following spells:

 Your Spells              Type           Power      Damage    Failure   Level
a - Beastly Appendage     Tmut           26%        N/A       4%          1
b - Wereblood             Tmut           13%        N/A       6%          2

Your spell library contained the following spells:

 Spells                   Type           Power      Damage    Failure   Level
 Foxfire                  Conj/Fire      24%        2x1d3     11%         1
 Inner Flame              Hex/Fire       6%         N/A       32%         3
 Petrify                  Tmut/Erth      9%         N/A       61%         4


Dungeon Overview and Level Annotations

Branches:
Dungeon (3/15)

Altars:
Vehumet

Shops:
D:2 ?


Innate Abilities, Weirdness & Mutations

You have temporarily grown beastly horns and talons.
You have very sharp teeth.
Your uncanny sense of smell can sniff out nearby items.
Your experience applies equally to all skills.


Message History

The orc priest hits you with a +0 flail!
The orc barely misses you. The orc hits you but does no damage.
You closely miss the orc priest.
You claw the orc priest, but do no damage.
Your punch misses the orc priest. The orc closely misses you.
The orc priest closely misses you. The orc misses you.
The orc closely misses you.
You closely miss the orc priest. The adder barely misses you.
The orc hits you but does no damage. The orc hits you with a +0 trident.
The orc priest hits you with a +0 flail.
* * * LOW HITPOINT WARNING * * *
The orc misses you.
It was a potion of heal wounds.
You feel much better. The adder bites you. The orc hits you but does no damage.
The orc priest calls down the wrath of Beogh upon you.
Beogh smites you! The orc barely misses you. x2
The adder bites you but does no damage.
You barely miss the orc priest. The orc closely misses you.
The orc completely misses you.
The orc priest hits you with a +0 flail!
The orc hits you with a +0 club.
* * * LOW HITPOINT WARNING * * *
The adder bites you.
* * * LOW HITPOINT WARNING * * *
You hit the orc priest but do no damage.
You bite the orc priest, but do no damage.
The adder barely misses you. The orc hits you with a +0 dagger.
* * * LOW HITPOINT WARNING * * *
The orc closely misses you. The orc priest closely misses you.
The orc hits you with a +0 club.
* * * LOW HITPOINT WARNING * * *
You hit the orc priest. Your kick misses the orc priest.
You punch the orc priest.
The orc priest is heavily wounded.
The adder bites you.
* * * LOW HITPOINT WARNING * * *
The orc hits you with a +0 dagger.
* * * LOW HITPOINT WARNING * * *
The orc priest barely misses you. The orc hits you with a +0 trident.
You die...

##
#...........
#....#####..
#.......#
#.#####.#
#.....# # #
#####.#
#.#####.#
#...S...#
#.<.o@o.#
##..oo.##
...........
.........###
.........#
.........#
.........#
.........#


You could see an orc priest, an adder and 3 orcs.

Vanquished Creatures
  2 worms
  A dart slug (D:1)
  An orc (D:3)
  A ball python (D:1)
  6 endoplasms
  2 goblins
  5 hobgoblins
  7 jackals
  A quokka (D:2)
  9 bats
  3 frilled lizards
  2 rats (D:2)
40 creatures vanquished.

Vanquished Creatures (collateral kills)
  A giant cockroach (D:1)
  A jackal (D:1)
2 creatures vanquished.

Grand Total: 42 creatures vanquished

Notes
Turn   | Place    | Note
-------+----------+-------------------------------------------
     0 | D:1      | jtron the Gnoll Wanderer began the quest for the Orb.
     0 | D:1      | jtron set off with the following items: a +0 dagger, a
                  | scroll of blinking, a +0 robe, a +0 pair of boots; and the
                  | following spells available to memorise: Beastly Appendage,
                  | Wereblood, Foxfire, Inner Flame, Petrify.
     0 | D:1      | Reached XP level 1. HP: 20/20 MP: 4/4
     2 | D:1      | Learned a level 1 spell: Beastly Appendage
    97 | D:1      | Reached XP level 2. HP: 26/26 MP: 3/5
   152 | D:1      | Learned a level 2 spell: Wereblood
   231 | D:1      | Found a faded altar of an unknown god.
   627 | D:2      | Reached XP level 3. HP: 31/31 MP: 7/7
   669 | D:2      | Found a radiant altar of Vehumet.
   833 | D:2      | Reached skill level 1 in Invocations
  1181 | D:2      | Found The Oracle's Delphic Readings.
  1218 | D:2      | Reached skill level 1 in Short Blades
  1218 | D:2      | Reached skill level 1 in Long Blades
  1218 | D:2      | Reached skill level 1 in Axes
  1218 | D:2      | Reached skill level 1 in Maces & Flails
  1218 | D:2      | Reached skill level 1 in Polearms
  1218 | D:2      | Reached skill level 1 in Staves
  1218 | D:2      | Reached skill level 1 in Ranged Weapons
  1218 | D:2      | Reached skill level 1 in Throwing
  1218 | D:2      | Reached skill level 1 in Shields
  1218 | D:2      | Reached skill level 1 in Unarmed Combat
  1218 | D:2      | Reached skill level 1 in Evocations
  1571 | D:3      | Slain by an orc

Illustrated notes

Levels and vault maps discovered:
D:1:      evilmike_arrival_crescent, layout_rooms,
          dreamdust_ecumenical_altar_angels_and_demons
D:2:      layout_basic, basic_altar, chequers_jeans, corexii_corridor_pit,
          nicolae_nh_oracle_at_delphi
D:3:      layout_basic, okawaru_gym_becter, cheibrodos_ashenzari_chains,
          chequers_serial_rivers_micro_b

Skill      XL: |  1  2  3 |
---------------+----------+-----
Fire Magic     | 2 |  2.2
Invocations    | 1 |  1.1
Short Blades   | 1 |  1.0
Long Blades    | 1 |  1.0
Axes           | 1 |  1.0
Maces & Flails | 1 |  1.0
Polearms       | 1 |  1.0
Staves         | 1 |  1.0
Ranged Weapons | 1 |  1.0
Throwing       | 1 |  1.0
Shields        | 1 |  1.0
Unarmed Combat | 1 |  1.0
Evocations     | 1 |  1.0
Fighting       | |  4.6
Armour         | |  2.7
Dodging        | |  2.7
Stealth        | |  4.2
Spellcasting   | |  2.9
Conjurations   | |  0.7
Hexes          | |  0.7
Summonings     | |  0.7
Necromancy     | |  0.7
Translocations | |  0.7
Transmutations | |  3.8
Ice Magic      | |  0.7
Air Magic      | |  0.7
Earth Magic    | |  0.7
Poison Magic   | |  0.7

Action                     || total
---------------------------++-------
  Melee: Dagger            ||   185
         Headbutt          ||     3
         Kick              ||     3
         Bite              ||    25
         Punch             ||     5
  Throw: Dart              ||     5
         Stone             ||     1
   Cast: Beastly Appendage ||     4
         Wereblood         ||     5
    Use: Potion            ||     2
   Stab: Sleeping          ||     7
 Armour: Robe              ||    56
  Dodge: Dodged            ||   126

Table legend: (Time is in decaauts)
 A = Elapsed time spent in this place.
 B = Non-inter-level travel time spent in this place.
 C = Inter-level travel time spent in this place.
 D = Time resting spent in this place.
 E = Time spent auto-exploring this place.
 F = Levels seen in this place.
 G = Mean time per level.
                   A        B        C        D        E       F      G
               +--------+--------+--------+--------+--------+-----+--------+
         Total |   1575 |   1512 |     63 |    140 |    973 |   3 |  525.0 |
       Dungeon |   1575 |   1512 |     63 |    140 |    973 |   3 |  525.0 |
               +--------+--------+--------+--------+--------+-----+--------+

Top non-repeatable levels by time:
     D:2: 821 daAuts
     D:1: 620 daAuts
     D:3: 134 daAuts
